 Dungeon Crawl Stone Soup version 0.31-a0-750-gfe7b580527 (webtiles) character file.

Game seed: 11129548350742400876

985 cforsyth the Trooper (level 8, -1/64 HPs)
             Began as a Djinni Delver on Sept 14, 2023.
             Killed from afar by a white imp (7 damage)
             ... with a puff of frost
             ... on level 6 of the Dungeon.
             The game lasted 00:05:15 (3304 turns).

cforsyth the Trooper (Djinni Delver)                Turns: 3304, Time: 00:05:16

Health: -1/64      AC:  4    Str: 11    XL:     8   Next: 41%
Gold:   213        EV: 12    Int: 13    God:
                   SH:  0    Dex: 16

rFire   + + .        r - +3 dagger (freeze)
rCold   x . .        (no shield)
rNeg    . . .        b - +0 leather armour
rPois   ∞            (no helmet)
rElec   .            p - +0 cloak {rPois}
rCorr   .            (no gloves)
SInv    .            (boots unavailable)
Will    .....        (no amulet)
Stlth   ++           (no ring)
HPRegen 0.30/turn    (no ring)
MPRegen 0.00/turn

%: infuse magic (-2 HP)
@: flying
A: sickness immunity, fire resistance 2, cold vulnerability 1, float, innate
caster, HP casting, extra vitality 1
a: no special abilities


You were on level 6 of the Dungeon.
You visited 1 branch of the dungeon, and saw 3 of its levels.

You collected 213 gold pieces.

Inventory:

Hand Weapons
 a - a +0 falchion
 r - a +3 dagger of freezing (weapon)
Armour
 b - a +0 leather armour (worn)
 p - a +0 cloak of poison resistance (worn)
Wands
 g - a wand of digging (3)
 i - a wand of paralysis (21)
 q - a wand of roots (18)
Scrolls
 c - 2 scrolls of fog
 d - a scroll of revelation
 e - a scroll of identify {unknown}
 h - a scroll of vulnerability {unknown}
 j - 3 scrolls of noise {unknown}
 n - a scroll of amnesia {unknown}
 o - 2 scrolls of immolation {unknown}
 s - a scroll of teleportation {unknown}
 u - a scroll of enchant weapon {unknown}
Potions
 f - a potion of haste
 k - 2 potions of lignification {unknown}
 l - a potion of degeneration {unknown}
 m - a potion of might {unknown}
 t - a potion of mutation {unknown}


   Skills:
 + Level 7.1 Fighting
 - Level 1.7 Long Blades
 - Level 2.1 Dodging
 - Level 4.1 Stealth
 + Level 4.6 Spellcasting
 + Level 4.6 Conjurations
 + Level 4.6 Hexes
   Level 0.0 Charms
 + Level 4.6 Summonings
 + Level 4.6 Necromancy
 + Level 4.6 Translocations
 + Level 4.6 Transmutations
 + Level 4.6 Fire Magic
 + Level 4.6 Ice Magic
 + Level 4.6 Air Magic
 + Level 4.6 Earth Magic
 + Level 4.6 Poison Magic


You knew the following spells:

 Your Spells              Type           Power      Damage    Failure   Level
a - Foxfire               Conj/Fire      60%        2x1d7     3%          1
b - Ensorcelled Hibernat  Hex/Ice        30%        N/A       6%          2
c - Volatile Blastmotes   Fire/Tloc      30%        2d12      12%         3
Your spell library was empty.

Dungeon Overview and Level Annotations

Branches:
Dungeon (6/15)
 Temple: D:4-7

Altars:
Trog

Shops:
D:5 =


Innate Abilities, Weirdness & Mutations

You are immune to sickness and miasma.
You are immune to poison.
Your flesh is very heat resistant. (rF++)
You are vulnerable to cold. (rC-)
You float through the air rather than walking.
You learn spells naturally, not from books.
Your magical power is your life essence.
You have superior vitality. (+4 MHP)


Message History

The white imp is burned terribly!
The white imp is moderately wounded.
The hound bites you.
You hear a shout!
The cloud of blastmotes explodes!
The concussive blast engulfs the hound.
The hound is heavily wounded.
The concussive blast engulfs you. You resist.
You are knocked back by the blast.
Casting: Volatile Blastmotes (dangerous; 12% risk of failure)
Confirm with . or Enter, or press ? or * to list all spells.
A cloud of volatile blastmotes flares up around you!
An ufetubus comes into view.
The hound bites you but does no damage.
The white imp summons a swarm of flies.
The hound attacks as it pursues you! The hound closely misses you.
The cloud of blastmotes explodes!
The concussive blast engulfs the hound!
You kill the hound!
The concussive blast engulfs you. You resist.
Casting: Volatile Blastmotes (dangerous; 12% risk of failure)
Confirm with . or Enter, or press ? or * to list all spells.
A cloud of volatile blastmotes flares up around you!
The white imp gestures at you. The puff of frost hits you!
You feel a terrible chill!
* * * LOW HITPOINT WARNING * * *
Your magical contamination has completely faded away.
Casting: Volatile Blastmotes (dangerous; 12% risk of failure)
Confirm with . or Enter, or press ? or * to list all spells.
A cloud of volatile blastmotes flares up around you!
* * * LOW HITPOINT WARNING * * *
The cloud of blastmotes explodes!
The concussive blast engulfs the ufetubus!
The ufetubus is burned terribly!
You kill the ufetubus!
Casting: Volatile Blastmotes (dangerous; 12% risk of failure)
Confirm with . or Enter, or press ? or * to list all spells.
A cloud of volatile blastmotes flares up around you!
* * * LOW HITPOINT WARNING * * *
The white imp gestures at you. The puff of frost hits you!
You feel a terrible chill!
You die...

##.#.##...##...#
...............#
.###.##........# ≈≈.
...............# ≈. #
##.####........#.≈
#.###.####......###.
................# .#
...##..#...####..##.##.#
...........@§.5.###....#
... ##..##.....##
##.###### .. #####.##
#..#...# ##. #..#
##.....# #.# #.
##.####......# ####.# #.
#.....>.....# #....# #.
##..######...# ..##..#
##.## #..## #....
.####..# ##...## ##.##
..##


You could see a white imp.

Vanquished Creatures
  Edmund (D:5)
  A water moccasin (D:6)
  An ice beast (D:5)
  2 black bears
  An ogre (D:5)
  3 scorpions
  3 hounds
  Ijyb (D:5)
  6 adders
  2 gnolls (D:4)
  A white imp (D:5)
  2 ufetubi
  A dart slug (D:4)
  An orc (D:5)
  A ball python (D:4)
  4 endoplasms (D:4)
  2 hobgoblins (D:4)
  4 jackals (D:4)
  3 quokkas (D:4)
  A goblin (D:4)
41 creatures vanquished.

Vanquished Creatures (others)
  187 foxfires
187 creatures vanquished.

Grand Total: 228 creatures vanquished

Notes
Turn   | Place    | Note
-------+----------+-------------------------------------------
     0 | D:5      | cforsyth the Djinni Delver began the quest for the Orb.
     0 | D:5      | Reached XP level 1. HP: 20/20 MP: 0/0
    16 | D:5      | Noticed a scorpion
    26 | D:5      | Killed a scorpion
    27 | D:5      | Reached skill level 1 in Spellcasting
    27 | D:5      | Reached skill level 1 in Conjurations
    27 | D:5      | Reached skill level 1 in Hexes
    27 | D:5      | Reached skill level 1 in Summonings
    27 | D:5      | Reached skill level 1 in Necromancy
    27 | D:5      | Reached skill level 1 in Translocations
    27 | D:5      | Reached skill level 1 in Transmutations
    27 | D:5      | Reached skill level 1 in Fire Magic
    27 | D:5      | Reached skill level 1 in Ice Magic
    27 | D:5      | Reached skill level 1 in Air Magic
    27 | D:5      | Reached skill level 1 in Earth Magic
    27 | D:5      | Reached skill level 1 in Poison Magic
    27 | D:5      | Reached XP level 2. HP: 4/26 MP: 0/0
    27 | D:5      | Reached XP level 3. HP: 5/31 MP: 0/0
    27 | D:5      | Learned a level 1 spell: Foxfire
    27 | D:5      | Reached XP level 4. HP: 6/37 MP: 0/0
    30 | D:5      | HP: 1/37 [adder (3)]
    32 | D:5      | Reached skill level 4 in Fighting
   185 | D:5      | Found Nelezuer's One-of-a-Kind Rings.
   321 | D:5      | Noticed Ijyb
   654 | D:4      | Reached XP level 5. HP: 35/41 MP: 0/0
   654 | D:4      | Learned a level 2 spell: Ensorcelled Hibernation
   955 | D:4      | Identified the +0 rapier "Wucify" {elec, rN+}
   997 | D:4      | Reached XP level 6. HP: 41/49 MP: 0/0
  1035 | D:4      | Reached skill level 5 in Fighting
  1217 | D:4      | Found a bloodstained altar of Trog.
  2072 | D:5      | Noticed a black bear
  2080 | D:5      | Killed a black bear
  2081 | D:5      | Reached XP level 7. HP: 50/55 MP: 0/0
  2081 | D:5      | Learned a level 3 spell: Volatile Blastmotes
  2087 | D:5      | Killed Ijyb
  2221 | D:5      | Reached skill level 6 in Fighting
  2633 | D:5      | Noticed Edmund
  2679 | D:5      | Killed Edmund
  2679 | D:5      | HP: 2/57 [shot self (3)]
  2680 | D:5      | Reached XP level 8. HP: 3/62 MP: 0/0
  3161 | D:6      | Reached skill level 7 in Fighting
  3304 | D:6      | Killed from afar by a white imp

Illustrated notes

Levels and vault maps discovered:
D:4:      layout_basic, trog_book, minmay_fractal_squares_gapless_5
D:5:      layout_basic, led_sif_pool, nicolae_shop_unique_rings, uniq_edmund,
          uniq_ijyb
D:6:      layout_layer_cave, mainiacjoe_overflow_paths, serial_shops,
          shop_statue, minmay_diced_spiral

Skill      XL: |  1  2  3  4  5  6  7  8 |
---------------+-------------------------+-----
Spellcasting   | 1 2 3 4 |  4.6
Conjurations   | 1 2 3 4 |  4.6
Hexes          | 1 2 3 4 |  4.6
Summonings     | 1 2 3 4 |  4.6
Necromancy     | 1 2 3 4 |  4.6
Translocations | 1 2 3 4 |  4.6
Transmutations | 1 2 3 4 |  4.6
Fire Magic     | 1 2 3 4 |  4.6
Ice Magic      | 1 2 3 4 |  4.6
Air Magic      | 1 2 3 4 |  4.6
Earth Magic    | 1 2 3 4 |  4.6
Poison Magic   | 1 2 3 4 |  4.6
Fighting       | 4 5 6 7 |  7.1
Long Blades    | |  1.7
Dodging        | |  2.1
Stealth        | |  4.1

Action                     |  1- 3 |  4- 6 |  7- 9 || total
---------------------------+-------+-------+-------++-------
  Melee: Falchion          |     7 |    60 |     2 ||    69
         Dagger            |       |       |    20 ||    20
   Cast: Foxfire           |       |    78 |    22 ||   100
         Volatile Blastmot |       |       |    21 ||    21
  Evoke: Wand              |       |     1 |       ||     1
    Use: Scroll            |       |       |     1 ||     1
   Stab: Sleeping          |       |     1 |       ||     1
 Armour: Leather armour    |     6 |    47 |    32 ||    85
  Dodge: Dodged            |     4 |    62 |    17 ||    83

Table legend: (Time is in decaauts)
 A = Elapsed time spent in this place.
 B = Non-inter-level travel time spent in this place.
 C = Inter-level travel time spent in this place.
 D = Time resting spent in this place.
 E = Time spent auto-exploring this place.
 F = Levels seen in this place.
 G = Mean time per level.
                   A        B        C        D        E       F      G
               +--------+--------+--------+--------+--------+-----+--------+
         Total |   3317 |   3239 |     78 |    399 |   2277 |   3 | 1105.7 |
       Dungeon |   3317 |   3239 |     78 |    399 |   2277 |   3 | 1105.7 |
               +--------+--------+--------+--------+--------+-----+--------+

Top non-repeatable levels by time:
     D:4: 1529 daAuts
     D:5: 1504 daAuts
     D:6: 283 daAuts
